 Dungeon Crawl Stone Soup version 0.27-a0-1191-g601b473118 (webtiles) character file.

Game seed: 1045344531416801894

120 jasper the Magician (level 4, 0/30 HPs)
             Began as a Demonspawn Hedge Wizard on May 23, 2021.
             Slain by an orc
             ... wielding a +0 mace
              (1 damage)
             ... on level 4 of the Dungeon.
             The game lasted 00:05:40 (3504 turns).

jasper the Magician (Demonspawn Hedge Wizard)       Turns: 3504, Time: 00:05:40

Health: 0/30       AC:  6    Str: 10    XL:     4   Next: 75%
Magic:  11/11      EV: 11    Int: 16    God:
Gold:   162        SH:  0    Dex: 13    Spells: 0/13 levels left

rFire    . . .     SeeInvis .   i - +0 short sword
rCold    . . .     Faith    .   (no shield)
rNeg     . . .     Spirit   .   d - +0 leather armour
rPois    .         Reflect  .   c - +0 hat
rElec    .         Harm     .   (no cloak)
rCorr    .         Rampage  .   (no gloves)
Will     .....                  q - +0 pair of boots
Stlth    ++........             (no amulet)
HPRegen  0.10/turn              (no ring)
MPRegen  0.12/turn              (no ring)

@: no status effects
A: horns 2, icy blue scales 1
a: no special abilities


You were on level 4 of the Dungeon.
You visited 1 branch of the dungeon, and saw 4 of its levels.

You collected 162 gold pieces.

Inventory:

Hand Weapons
 a - a +0 dagger
 i - a +0 short sword (weapon)
 o - a +0 hunting sling
Missiles
 f - 51 bolts
 g - 56 poisoned darts
 j - 79 stones
 k - 13 arrows
 l - 8 javelins
Armour
 b - a +0 robe
 c - a +0 hat (worn)
 d - a +0 leather armour (worn)
 q - a +0 pair of boots (worn)
Wands
 e - a wand of iceblast (4)
Scrolls
 h - a scroll of magic mapping
 m - a scroll of holy word {unknown}
 n - a scroll of amnesia {unknown}
 p - a scroll of fog {unknown}
 r - a scroll of teleportation {unknown}


   Skills:
 - Level 1.7 Dodging
 - Level 1.7 Stealth
 - Level 5.0 Spellcasting
 + Level 1.2 Conjurations
 + Level 0.3 Hexes
 - Level 1.0 Summonings
 + Level 1.1 Translocations
 + Level 0.3 Fire Magic
 + Level 0.0 Air Magic
 + Level 0.1 Poison Magic


You couldn't memorise any spells.
You knew the following spells:

 Your Spells              Type           Power      Damage    Failure   Level
a - Magic Dart            Conj           32%        1d4       12%         1
b - Call Imp              Summ           7%         N/A       21%         2
c - Blink                 Tloc           N/A        N/A       21%         2
d - Slow                  Hex            5%         N/A       26%         2
e - Conjure Flame         Conj/Fire      6%         6-21      41%         3
f - Mephitic Cloud        Conj/Pois/Air  5%         N/A       45%         3

Your spell library contained the following spells:

 Spells                   Type           Power      Damage    Failure   Level


Dungeon Overview and Level Annotations

Branches:
Dungeon (4/15)
 Temple: D:4-7

Altars:

Shops:
D:1 =


Innate Abilities, Weirdness & Mutations

You have a pair of horns on your head.
You are partially covered in icy blue scales. (AC +2)


Message History

The orc shouts! x2; You hear a shout!
The ball python bites you. The ball python barely misses you.
The ball python bites you but does no damage.
The ball python grabs you. The ball python constricts you.
The orc hits you with a +0 mace. The orc barely misses you.
The orc hits you with a +0 falchion. The ball python closely misses you.
The ball python constricts you. The ball python completely misses you.
There is a stone staircase leading up, spattered with blood here.
You take 9 damage, and have 21/30 hp.
MASSIVE DAMAGE!!
You escape the ball python's grasp.
The orc hits you with a +0 mace. The orc barely misses you.
The orc hits you with a +0 falchion.
The ball python closely misses you. x2; The ball python barely misses you.
The ball python grabs you.
You stop ascending the stairs.
The ball python constricts you.
You take 2 damage, and have 19/30 hp.
You escape the ball python's grasp.
The ball python bites you but does no damage.
The ball python grabs you.
You stop ascending the stairs.
The ball python constricts you. The orc closely misses you.
The orc barely misses you. The orc hits you with a +0 mace.
The orc hits you with a +0 falchion.
You take 7 damage, and have 12/30 hp.
MASSIVE DAMAGE!!
You aren't carrying any potions.
Aiming: Iceblast
Press: ? - help, Shift-Dir - straight line The mass of ice explodes!
The iceblast engulfs the ball python!
You kill the ball python!
The iceblast engulfs the ball python!
You kill the ball python!
You hear a howl!
The orc barely misses you. x2; The orc hits you with a +0 mace.
* * * LOW HITPOINT WARNING * * *
The orc hits you with a +0 falchion.
* * * LOW HITPOINT WARNING * * *
You take 5 damage, and have 7/30 hp.
The orc hits you but does no damage. The orc barely misses you.
The orc hits you with a +0 falchion.
* * * LOW HITPOINT WARNING * * *
The orc hits you with a +0 mace.
You die...

..............#
..............#
..o...........#
........$.....#
#............#
#...o........#
#..o.ooo.....#
+.....@o.....#
#....†o......#
#............#
#............#
#............#
##############


You could see 8 orcs.

Vanquished Creatures
  A gnoll (D:1)
  5 adders
  2 dart slugs
  6 endoplasms
  2 giant cockroaches (D:2)
  6 goblins
  6 hobgoblins
  7 kobolds
  4 quokkas
  4 ball pythons
  7 bats
  3 frilled lizards
  A rat (D:2)
54 creatures vanquished.

Vanquished Creatures (collateral kills)
  A goblin (D:1)
1 creature vanquished.

Grand Total: 55 creatures vanquished

Notes
Turn   | Place    | Note
-------+----------+-------------------------------------------
     0 | D:1      | jasper the Demonspawn Hedge Wizard began the quest for the
                  | Orb.
     0 | D:1      | Reached XP level 1. HP: 13/13 MP: 4/4
   198 | D:2      | Gained mutation: You have a pair of small horns on your
                  | head. [demonic ancestry]
   198 | D:2      | Reached XP level 2. HP: 19/19 MP: 1/6
   358 | D:2      | Reached skill level 4 in Spellcasting
   359 | D:2      | Gained mutation: You are partially covered in icy blue
                  | scales. (AC +2) [demonic ancestry]
   359 | D:2      | Reached XP level 3. HP: 16/24 MP: 1/8
   362 | D:2      | Learned a level 2 spell: Call Imp
   365 | D:2      | Learned a level 2 spell: Blink
   372 | D:2      | Learned a level 2 spell: Slow
   376 | D:2      | Learned a level 3 spell: Conjure Flame
   958 | D:2      | Found a faded altar of an unknown god.
  1512 | D:1      | Found Bymotegh's Jewellery Shop.
  1968 | D:1      | Gained mutation: You have a pair of horns on your head.
                  | [demonic ancestry]
  1968 | D:1      | Reached XP level 4. HP: 20/30 MP: 7/10
  3013 | D:3      | Reached skill level 5 in Spellcasting
  3013 | D:3      | Reached skill level 1 in Translocations
  3018 | D:3      | Learned a level 3 spell: Mephitic Cloud
  3504 | D:4      | HP: 1/30 [orc/+0 falchion (6)]
  3504 | D:4      | Slain by an orc

Illustrated notes

Levels and vault maps discovered:
D:1:      amcnicky_arrival_blooded_trapdoor, layout_basic, serial_shops,
          nicolae_shop_behind_doors
D:2:      layout_loops_ring, shapermc_ecumenical_altar_mp_vishouse
D:3:      layout_basic
D:4:      layout_basic, uniq_robin

Skill      XL: |  1  2  3  4 |
---------------+-------------+-----
Spellcasting   | 4 5 |  5.0
Translocations | 1 |  1.1
Dodging        | |  1.7
Stealth        | |  1.7
Conjurations   | |  1.2
Hexes          | |  0.3
Summonings     | |  1.0
Fire Magic     | |  0.3
Poison Magic   | |  0.1

Action                   |  1- 3 |  4- 6 || total
-------------------------+-------+-------++-------
Melee: Dagger            |    19 |       ||    19
       Short sword       |    18 |     9 ||    27
       Headbutt          |     3 |       ||     3
Throw: Javelin           |     5 |       ||     5
 Cast: Magic Dart        |    69 |    43 ||   112
       Call Imp          |     1 |       ||     1
Evoke: Wand              |     4 |     3 ||     7
  Use: Scroll            |     1 |       ||     1
Armor: Leather armour    |    16 |    14 ||    30
Dodge: Dodged            |    36 |    31 ||    67

Table legend: (Time is in decaauts)
 A = Elapsed time spent in this place.
 B = Non-inter-level travel time spent in this place.
 C = Inter-level travel time spent in this place.
 D = Time resting spent in this place.
 E = Time spent auto-exploring this place.
 F = Levels seen in this place.
 G = Mean time per level.
                   A        B        C        D        E       F      G
               +--------+--------+--------+--------+--------+-----+--------+
         Total |   3509 |   3381 |    128 |    187 |   2842 |   4 |  877.2 |
       Dungeon |   3509 |   3381 |    128 |    187 |   2842 |   4 |  877.2 |
               +--------+--------+--------+--------+--------+-----+--------+

Top non-repeatable levels by time:
     D:1: 1255 daAuts
     D:2: 1154 daAuts
     D:3: 1092 daAuts
     D:4: 8 daAuts
